Cogmind - Beta 11 @@@ ROGUE MODE // 2022.03.28 @ 22:17:57 Player: John1001 Result: Destroyed by H-55 Commando with Assault Rifle Performance ------------- Evolutions (2) 1000 Regions Visited (5) 1000 Robots Destroyed (40) 200 Value Destroyed (891) 891 Prototype IDs (23) 460 Alien Tech Used (0) 0 Bonus (332) 332 TOTAL SCORE: 3883 Bonus ------- High Alert Combat Kills 25 Follower Combat Kills 48 Aligned with FarCom 300 Friendly Fire -41 Cogmind --------- Core Integrity 0/550 Matter 5/300 Energy 100/100 System Corruption 5% Temperature Cool (0) Movement Core (50) Location -8/Materials Parts ------- > --- POWER (2) -------- (None) > --- PROPULSION (4) --- VSS Leg > --- UTILITY (3) ------ (None) > --- WEAPON (2) ------- Heavy Flail > --- INVENTORY (5) ---- Nuclear Core Modified TNC Improved EM Shotgun Missile Launcher Missile Launcher Peak State ------------ > --- POWER ------------ Ion Engine Improved Ion Engine > --- PROPULSION ------- Wheel Wheel Wheel > --- UTILITY ---------- Large Storage Unit Improved Signal Interpreter Hacking Suite > --- WEAPON ----------- Improved Light Cannon Rocket Launcher > --- INVENTORY -------- Nuclear Core Improved Heat Sink Visual Processing Unit Experimental Sensor Array Terrain Scanner Modified TNC Weapon Shielding Light Armor Plating Makeshift Armor Plating Improved Light Cannon Improved Light Cannon Rocket Launcher Rocket Launcher [Rating: 20] Favorites ----------- Power Ion Engine Engine Ion Engine Propulsion Wheel Leg VSS Leg Wheel Wheel Utility Large Storage Unit Storage Large Storage Unit Processor Signal Interpreter Hackware Hacking Suite Protection Light Armor Plating Weapon Rocket Launcher Energy Gun Medium Laser Ballistic Gun Assault Rifle Ballistic Cannon Improved Light Cannon Launcher Rocket Launcher Impact Weapon Heavy Flail Build | -11 -10 -10 -10 -9 -8 ------- Run | Scr Mat Min Exi Min Mat Slots Evolved 4 | . . . . . 4 Power 1 | . . . . . 1 Propulsion 2 | . . . . . 2 Utility 1 | . . . . . 1 Weapon . | . . . . . . Parts Attached 28 | 6 7 . . 2 13 Power 3 | 1 1 . . . 1 Engine 3 | 1 1 . . . 1 Core . | . . . . . . Reactor . | . . . . . . Propulsion 9 | 2 1 . . 1 5 Treads . | . . . . . . Leg 1 | . . . . . 1 Wheel 8 | 2 1 . . 1 4 Hover . | . . . . . . Flight . | . . . . . . Utility 7 | 1 2 . . . 4 Device . | . . . . . . Storage 3 | 1 1 . . . 1 Processor 2 | . 1 . . . 1 Hackware 1 | . . . . . 1 Protection 1 | . . . . . 1 Artifact . | . . . . . . Weapon 9 | 2 3 . . 1 3 Energy Gun 1 | 1 . . . . . Energy Cannon . | . . . . . . Ballistic Gun 1 | 1 . . . . . Ballistic Cannon 1 | . 1 . . . . Launcher 5 | . 2 . . 1 2 Special Weapon . | . . . . . . Impact Weapon 1 | . . . . . 1 Slashing Weapon . | . . . . . . Piercing Weapon . | . . . . . . Special Melee Weapon . | . . . . . . Unidentified Prototypes . | . . . . . . Parts Lost 13 | . 1 . . 2 10 Power 1 | . . . . . 1 Propulsion 8 | . 1 . . 1 6 Utility 2 | . . . . . 2 Weapon 2 | . . . . 1 1 Highest Loss Streak 7 | . 1 . . 2 7 To Critical Strikes 1 | . . . . . 1 Average Slot Usage (%) 86 | . 92 100 100 98 50 Engine 12 | . 13 14 14 14 6 Wheel 24 | . 27 28 28 27 14 Storage 11 | . 14 14 14 14 4 Processor 10 | . 7 14 14 14 4 Hackware 1 | . . . . . 6 Energy Gun 1 | . 5 . . . . Ballistic Gun 1 | . 8 . . . . Ballistic Cannon 9 | . 5 14 14 14 3 Launcher 10 | . 8 14 14 12 3 Impact Weapon 1 | . . . . . 4 Naked Turns . | . . . . . . Heaviest Build 40 | 14 33 33 33 33 40 Greatest Support 30 | 26 26 26 26 26 30 Greatest Overweight (x) 2 | . 1 1 1 1 2 Average Overweight (x) . | . . 1 1 1 . Largest Inventory Capacity 15 | 8 15 15 15 15 15 Average Capacity 13 | 6 14 15 15 15 10 Most Carried 15 | 4 14 15 15 15 14 Average Carried 11 | 3 8 14 14 14 8 Final Capacity 15 | 8 15 15 15 15 5 Final Carried 15 | 4 14 15 15 13 5 Class Distribution -------------------- 93% | Mutant 6% | Scavenger-Mutant Dominant Class ---------------- Mutant | -10/Materials Mutant | -10/Mines Mutant | -10/Exiles Mutant | -9/Mines Mutant | -8/Materials Resources | -11 -10 -10 -10 -9 -8 ----------- Run | Scr Mat Min Exi Min Mat Matter Collected 773 | 226 195 115 25 57 155 Remotely . | . . . . . . Salvage Created 839 | . 394 123 . 60 262 Parts 63 | . 27 5 . 3 28 Haulers Intercepted 1 | . . . . . 1 Recyclers Shooed 1 | . . . . . 1 Parts Field Recycled . | . . . . . . Retrieved Matter . | . . . . . . Parts Self-Destructed . | . . . . . . Prevented . | . . . . . . Kills | -11 -10 -10 -10 -9 -8 ------- Run | Scr Mat Min Exi Min Mat Combat Hostiles Destroyed 23 | . 9 2 . 5 7 Guns 4 | . 4 . . . . Cannons 5 | . . 2 . 2 1 AOE 14 | . 5 . . 3 6 Classes Destroyed 10 | . 4 1 . 2 3 Worker 4 | . 2 . . . 2 Builder 6 | . 1 1 . . 4 Hauler 1 | . . . . . 1 Recycler 2 | . . 1 . . 1 Operator 1 | . . . . . 1 Watcher 3 | . 2 . . . 1 Swarmer 8 | . . . . 3 5 Grunt 12 | . 9 2 . 1 . Brawler 1 | . . . . 1 . Specialist 2 | . . . . . 2 Best Kill Streak 7 | . 4 4 . 3 7 Combat Bots Only 3 | . 3 2 . 3 3 Max Kills in Single Turn 3 | . 2 3 . 2 3 Gunslinging . | . . . . . . Exploded 2 | . 2 . . 1 2 Melee . | . . . . . . Uniques/NPCs Destroyed . | . . . . . . Combat | -11 -10 -10 -10 -9 -8 -------- Run | Scr Mat Min Exi Min Mat Damage Taken 1720 | . 291 30 . 167 1232 Core 653 | . 76 . . 25 552 Absorbed by Shields . | . . . . . . Regen/Repaired (Parts) 43 | . 43 . . . . Core Remaining (%) 79 | 100 . . . 59 . Volleys Fired 92 | . 36 3 . 12 41 Largest 2 | . 2 2 . 2 2 Hottest 72 | . 72 72 . 72 72 Shots Fired 145 | . 70 6 . 16 53 Gun 60 | . 60 . . . . Cannon 56 | . 2 3 . 12 39 Launcher 29 | . 8 3 . 4 14 Special . | . . . . . . Kinetic 90 | . 36 3 . 12 39 Thermal 26 | . 26 . . . . Explosive 29 | . 8 3 . 4 14 Electromagnetic . | . . . . . . Robot Hit Streak 8 | . 8 6 . 3 3 Robot Miss Streak 6 | . 4 1 . 3 6 Penetration Max . | . . . . . . Secondary Targets 1 | . 1 . . . . Max Gunslinging Chain 1 | . 1 . . . . Shots Hit Robots 64 | . 46 3 . 6 9 Core Hits 62 | . 24 10 . 6 22 Critical Kills . | . . . . . . Critical Parts Destroyed 2 | . 1 . . . 1 Critical Strikes 2 | . 1 . . . 1 Destroy 1 | . 1 . . . . Smash 1 | . . . . . 1 Melee Attacks 35 | . . . . . 35 Impact 35 | . . . . . 35 Slashing . | . . . . . . Piercing . | . . . . . . Sneak Attacks 2 | . . . . . 2 Combat Hostiles . | . . . . . . Follow-up Attacks . | . . . . . . Damage Inflicted 3055 | . 910 191 . 443 1511 Guns 494 | . 494 . . . . Cannons 341 | . 40 65 . 128 108 Explosions 1968 | . 372 126 . 315 1155 Melee 248 | . . . . . 248 Ramming 4 | . 4 . . . . Kinetic 631 | . 330 65 . 128 108 Thermal 204 | . 204 . . . . Explosive 1905 | . 372 126 . 315 1092 Electromagnetic 63 | . . . . . 63 Impact 248 | . . . . . 248 Slashing . | . . . . . . Piercing . | . . . . . . Highest Corruption 5 | . . . . . 5 Average Corruption 5 | . . . . . 5 Corruption Purged . | . . . . . . Corruption Blocked . | . . . . . . Effects 4 | . . . . . 4 Message Errors 1 | . . . . . 1 Matter Fused 1 | . . . . . 1 Heat Flow Errors 1 | . . . . . 1 Data Loss (minor) 1 | . . . . . 1 Overload Shots . | . . . . . . Overflow Damage 266 | . . . . 36 230 Projectiles . | . . . . . . Explosions 107 | . . . . 36 71 Melee 159 | . . . . . 159 Knockbacks 4 | . 1 . . 2 1 Impact . | . . . . . . Kinetic 4 | . 1 . . 2 1 Secondary . | . . . . . . Self-Inflicted Damage 144 | . 2 20 . 48 74 Shots 4 | . . 1 . 1 2 Rammed 1 | . 1 . . . . Targets Rammed 1 | . 1 . . . . Kicked . | . . . . . . Crushed . | . . . . . . Highest Temperature 195 | . 195 36 . 26 74 Average Temperature 53 | . 72 19 . 13 36 Received Heat Transfer 303 | . 180 6 . 36 81 Siege Activations . | . . . . . . Robots Corrupted . | . . . . . . Combat Hostiles . | . . . . . . Parts Fried 3 | . . . . . 3 Impact Corruptions 4 | . . . . . 4 Robots Melted . | . . . . . . Combat Hostiles . | . . . . . . Parts Melted . | . . . . . . Heat Transferred 592 | . 592 . . . . Parts Sabotaged . | . . . . . . Parts Stolen . | . . . . . . Parts Stripped . | . . . . . . Power Chain Reactions . | . . . . . . Missiles Intercepted . | . . . . . . Alert | -11 -10 -10 -10 -9 -8 ------- Run | Scr Mat Min Exi Min Mat Peak Influence 521 | . 467 228 . 199 521 Initial 105 | . . 105 . . 77 Average 186 | . 218 148 . 35 334 Maximum Alert Level 2 | . 2 1 . . 2 Low Security (%) 52 | 100 38 74 . 100 7 Level 1 27 | . 40 25 . . 45 Level 2 20 | . 21 . . . 47 Level 3 . | . . . . . . Level 4 . | . . . . . . Level 5 . | . . . . . . High Security . | . . . . . . Max Security . | . . . . . . Squads Dispatched 6 | . 1 . . . 5 Investigation 2 | . 1 . . . 1 Extermination . | . . . . . . Reinforcement 4 | . . . . . 4 Assault . | . . . . . . Garrison . | . . . . . . Intercept . | . . . . . . Searches Triggered . | . . . . . . Construction Impeded 1 | . . . . . 1 Haulers Reinforced . | . . . . . . Active Scanning Responses . | . . . . . . Cargo Convoy Interrupts . | . . . . . . Stealth | -11 -10 -10 -10 -9 -8 --------- Run | Scr Mat Min Exi Min Mat Distress Signals 2 | . 1 . . . 1 Communications Jammed . | . . . . . . Distress Signals . | . . . . . . Times Spotted 46 | . 16 2 . 5 23 Peak Tracking Total 6 | . 4 2 . 3 6 Tactical Retreats 8 | . . . . . 8 Traps | -11 -10 -10 -10 -9 -8 ------- Run | Scr Mat Min Exi Min Mat Traps Triggered 2 | . 2 . . . . Indirectly . | . . . . . . Trap Hack Attempts . | . . . . . . Triggered . | . . . . . . Disarmed . | . . . . . . Reprogrammed . | . . . . . . Reused . | . . . . . . Traps Extracted . | . . . . . . Installed . | . . . . . . Triggered . | . . . . . . Machines | -11 -10 -10 -10 -9 -8 ---------- Run | Scr Mat Min Exi Min Mat Machines Disabled 7 | . 3 . . 1 3 Max in Single Turn 1 | . 1 . . 1 1 Machines Sabotaged . | . . . . . . Garrisons Compromised . | . . . . . . Overloaded Fab Kills . | . . . . . . Hacking | -11 -10 -10 -10 -9 -8 --------- Run | Scr Mat Min Exi Min Mat Machines Accessed 12 | . 3 1 5 . 3 Terminals 5 | . 2 1 . . 2 Fabricators . | . . . . . . Repair Stations 1 | . 1 . . . . Recycling Units . | . . . . . . Scanalyzers 1 | . . . . . 1 Garrison Access . | . . . . . . Total Hacks 72 | . 6 4 50 . 12 Successful 63 | . 3 3 50 . 7 Failed 9 | . 3 1 . . 5 Catastrophic 4 | . 2 . . . 2 Database Lockouts . | . . . . . . Manual 11 | . . 3 1 . 7 Terminals 15 | . 3 4 . . 8 Fabricators . | . . . . . . Repair Stations 3 | . 3 . . . . Recycling Units . | . . . . . . Scanalyzers 4 | . . . . . 4 Garrison Access . | . . . . . . Terminal Hacks 57 | . 1 3 50 . 3 Record 49 | . . . 49 . . Locate Traps 2 | . 1 1 . . . Dispatch Records 2 | . . 1 . . 1 Recall Reinforcements 1 | . . . . . 1 Zone Layout 2 | . . 1 . . 1 EX-Prototype ID Bank 1 | . . . 1 . . Fabricator Hacks . | . . . . . . Repair Station Hacks 2 | . 2 . . . . Scan Component 1 | . 1 . . . . Repair 1 | . 1 . . . . Recycling Unit Hacks . | . . . . . . Scanalyzer 4 | . . . . . 4 Insert Component 2 | . . . . . 2 Analyze 2 | . . . . . 2 Garrison Access Hacks . | . . . . . . Unauthorized Hacks . | . . . . . . Terminals . | . . . . . . Fabricators . | . . . . . . Repair Stations . | . . . . . . Recycling Units . | . . . . . . Scanalyzers . | . . . . . . Garrison Access . | . . . . . . Data Cores Recovered . | . . . . . . Used . | . . . . . . Hacking Detections 5 | . 2 . . . 3 Full Trace Events 1 | . . . . . 1 Feedback Events . | . . . . . . Feedback Blocked . | . . . . . . Robot Schematics Acquired . | . . . . . . Robots Built . | . . . . . . Authchips . | . . . . . . Time . | . . . . . . Total Robot Build Rating . | . . . . . . Part Schematics Acquired 1 | . . . . . 1 Parts Built . | . . . . . . Authchips . | . . . . . . Time . | . . . . . . Total Part Build Rating . | . . . . . . Parts Repaired 1 | . 1 . . . . Time 26 | . 26 . . . . Parts Recycled . | . . . . . . Recycled Matter . | . . . . . . Retrieved Matter . | . . . . . . Retrieved Components . | . . . . . . Parts Scanalyzed 1 | . . . . . 1 Part Schematics Acquired 1 | . . . . . 1 Parts Damaged . | . . . . . . Bothacking | -11 -10 -10 -10 -9 -8 ------------ Run | Scr Mat Min Exi Min Mat Used RIF Installer . | . . . . . . Robots Hacked . | . . . . . . Non-combat . | . . . . . . Combat . | . . . . . . Robot Hacks Applied . | . . . . . . Relay Couplers Released . | . . . . . . Fabnet Peak Effective % . | . . . . . . Robots Rewired . | . . . . . . Allies Hacked . | . . . . . . Hacks Repelled . | . . . . . . Allies | -11 -10 -10 -10 -9 -8 -------- Run | Scr Mat Min Exi Min Mat Total Allies 1 | . . . . 1 . Largest Group 1 | . . . . 1 1 Highest-Rated Group 31 | . . . . 31 31 Highest-Rated Ally 31 | . . . . 31 31 Total Orders . | . . . . . . Ally Attacks 7 | . . . . . 7 Total Damage 85 | . . . . . 85 Kills 2 | . . . . . 2 Allies Corrupted . | . . . . . . Allies Melted . | . . . . . . Intel | -11 -10 -10 -10 -9 -8 ------- Run | Scr Mat Min Exi Min Mat Robot Analysis Total . | . . . . . . Derelict Logs Recovered 4 | . . 1 . 3 . Drone Launches . | . . . . . . Drone Recoveries . | . . . . . . Exploration | -11 -10 -10 -10 -9 -8 ------------- Run | Scr Mat Min Exi Min Mat Turns Passed 2656 | 59 576 213 579 610 619 Spaces Moved 2259 | 49 421 188 549 491 561 Core 342 | 2 . . . . 340 Treads . | . . . . . . Legs . | . . . . . . Wheels 1917 | 47 421 188 549 491 221 Hover . | . . . . . . Flight . | . . . . . . Fastest Speed 50 | 50 90 105 105 95 50 Average Speed 94 | 88 104 105 105 102 68 Slowest Speed 115 | 90 115 105 105 105 110 Overloaded Moves . | . . . . . . Propulsion Burnouts . | . . . . . . Robots Hopped . | . . . . . . Cave-ins Triggered 1 | . . . . . 1 Exploration Rate (%) 57 | 3 81 46 93 96 28 Regions Visited 5 Branch Regions 3 Pre-discovered Areas 1 | . . . 1 . . Known Exits Taken 4 | . 1 1 1 1 . Unknown Exits Taken 1 | 1 . . . . . Scrap Searched 2 | . . 1 . 1 . Spaces Dug 31 | . . . . . 31 Terrain Destroyed 292 | . 53 17 . 40 182 Melee 29 | . . . . . 29 Projectile 6 | . . . . 3 3 AOE 257 | . 53 17 . 37 150 Terrain Rammed . | . . . . . . Walls Destroyed . | . . . . . . Machines Disabled . | . . . . . . Actions | -11 -10 -10 -10 -9 -8 --------- Run | Scr Mat Min Exi Min Mat Total 2571 | 62 485 199 552 581 692 Wait 104 | 3 8 . . 77 16 Move 2254 | 48 420 187 548 490 561 Hop . | . . . . . . Pick Up 35 | 5 10 5 2 . 13 Fast Attach 19 | 5 6 . . . 8 Attach 8 | 1 . . . 2 5 Detach 6 | . 1 . . . 5 Swap 1 | . 1 . . . . Drop 16 | . 2 4 2 . 8 Fire 92 | . 36 3 . 12 41 Melee 35 | . . . . . 35 Ram 1 | . 1 . . . . Kick . | . . . . . . Crush . | . . . . . . Escape Stasis . | . . . . . . Rewire . | . . . . . . Trap . | . . . . . . Miscellaneous . | . . . . . . Route ------- -11/Scrapyard -10/Materials (discovered 3 exits: *Mat x2 / *Min) -10/Mines (discovered 2 exits: *Mat / *Exi) -10/Exiles (discovered 2 exits: *Min x2) -9/Mines (discovered 2 exits: *Mat x2) -8/Materials (discovered 2 exits: Fac x2) History --------- Turn | Location | Event 40 | -11/Scrapyard | Discovered new exit (range 15) 60 | -11/Scrapyard | Entered Materials 301 | -10/Materials | Build established: Mutant 350 | -10/Materials | Discovered new exit (range 9) 357 | -10/Materials | Identified exit to Materials 478 | -10/Materials | Discovered exit to Materials (range 3) 562 | -10/Materials | Discovered new exit (range 14) 578 | -10/Materials | Repaired Ion Engine 634 | -10/Materials | Identified exit to Mines 636 | -10/Materials | Entered Mines 677 | -10/Mines | Discovered exit to Materials (range 10) 715 | -10/Mines | Found a damaged Exp. Sensor Array with a note attached 717 | -10/Mines | Found Prototype Device 814 | -10/Mines | Joined a pair of Derelicts in attacking an 0b10 outpost 844 | -10/Mines | Deemed a non-threat by the Exiles lab entrance 845 | -10/Mines | Discovered new exit (range 5) 848 | -10/Mines | Identified exit to Exiles 849 | -10/Mines | Entered Exiles 863 | -10/Exiles | Discovered new exit (range 15) 876 | -10/Exiles | Met 8R-AWN 893 | -10/Exiles | Met EX-HEX 954 | -10/Exiles | Met EX-DEC 987 | -10/Exiles | Visited The Gauntlet 1153 | -10/Exiles | Discovered new exit (range 14) 1165 | -10/Exiles | Identified exit to Mines 1227 | -10/Exiles | Learned location of Zion (-7) 1247 | -10/Exiles | Met EX-BIN 1268 | -10/Exiles | Aligned with FarCom system 1269 | -10/Exiles | Given EX-Vault access code 1312 | -10/Exiles | Opened EX-Vault 1320 | -10/Exiles | Found Modified TNC 1344 | -10/Exiles | Warned to stay clear of 0b10 Research branches 1428 | -10/Exiles | Left Exiles lab with Modified TNC 1428 | -10/Exiles | Entered Mines 1449 | -9/Mines | Found a hidden stash of uninstalled traps 1480 | -9/Mines | Discovered new exit (range 14) 1484 | -9/Mines | Identified exit to Materials 1666 | -9/Mines | Learned location of 1 exit from Materials 1945 | -9/Mines | Learned location of 1 exit from Materials 1968 | -9/Mines | Received a Mining Laser from a helpful Derelict 2038 | -9/Mines | Entered Materials 2038 | -8/Materials | Accompanied by 1 ally 2038 | -8/Materials | Evolved 4 slots: Power x1, Propulsion x2, Utility x1 2039 | -8/Materials | Identified exit to Factory 2339 | -8/Materials | Core integrity fell below 50% 2363 | -8/Materials | Lost 7 parts (1p4n1u1w) 2518 | -8/Materials | Core integrity fell below 20% 2525 | -8/Materials | Crushed by falling debris 2657 | -8/Materials | Destroyed by H-55 Commando with Assault Rifle Last Messages --------------- 02486_ K-01 Serf destroyed. 02486_ Slug penetrates Wall. 02488_ Acquired 45 matter. 02504_ K-01 Serf cleans the Pressure Siphon. [Achievement: Part-time Excavator] 02521_ Destroyed Flight Unit. 02521_ S-10 Pest destroyed. 02525_ The unstable cave ceiling collapses. 02525_ Crushed by falling debris. 02525_ Hacking Suite destroyed. 02525_ System corrupted by crushing effect (+5). 02526_ W4M:1KL&C#D:SLK:1EBVESOGD 02572_ System corrupted: Heat flow error (+105). 02601_ Acquired Prototype Energy Gun. 02604_ System corrupted: Component data lost. 02620_ The unstable cave ceiling collapses. 02653_ System corrupted: Matter fused (-7). 02654_ Penetrated by Slug. 02654_ Wheel destroyed. 02657_ Penetrated by Slug. Map ----- +----------------------------------------------------+ | #### # # """# %[ # = # | | ### # # # """# + ]# | | %[ # # # # | | ### # # # # # | | #### ######### + """ # | | #### ##??????# ##### """ # | | #??# #???????# #???# """ # | | """#??# ?????? #??## # | | """#??# ??? #?##" # | | """#??# "?? """ ####""##### | | #??? """ """ * ## ####???? | | #######??? """ """ # ##??????? | | ?????????? """ """ # #???????? | | ?????????? ? ?? # ##??????? | | ?????????? ???? ##"###????? | | ?????????? "????""" ## ]]#????? | | ?????????? ?????""" ?# ]]#????? | | ?????????????????""" ## !!#????? | | ?????????????"" """ !!##???? | | ???????????? ]]"#???? | | ???????????? ]]##???? | | ?????????????+#############"#????? | | ?????????????????????????## #????? | | ????????????????????????## ##????? | | ????????????????????????#h##?????? | | ????????????????????????#@#??????? | | ????????????????????????# #??????? | | ????????????????????????# #??????? | | ????????????????????????###??????? | | ?????????????????????????????????? | | ?????????????????????????